 Dungeon Crawl Stone Soup version 0.31.0-9-g3a7656b989 (webtiles) character file.

Game seed: 6816740922115849860

200 qw the Shooter (level 5, -2/26 HPs)
             Began as a Spriggan Hunter on Feb 2, 2024.
             Slain by an orc priest
             ... wielding a +0 flail of protection
              (6 damage)
             ... on level 3 of the Dungeon.
             The game lasted 00:00:06 (1466 turns).

qw the Shooter (Spriggan Hunter)                    Turns: 1466, Time: 00:00:06

Health: -2/26      AC:  2    Str:  7    XL:     5   Next: 49%
Magic:  6/6        EV: 20    Int: 11    God:
Gold:   73         SH:  0    Dex: 20    Spells: 4/4 levels left

rFire   . . .        a - +0 shortbow
rCold   . . .        (shield currently unavailable)
rNeg    . . .        c - +0 robe
rPois   +            (helmet restricted)
rElec   .            (no cloak)
rCorr   .            (gloves unavailable)
SInv    +            (boots unavailable)
Will    .....        (no amulet)
Stlth   ++           i - ring of poison resistance
HPRegen 0.24/turn    (no ring)
MPRegen 0.10/turn

%: no passive effects
@: very quick
A: very small, no large weapons, unfitting armour, see invisible, speed 3
a: no special abilities


You were on level 3 of the Dungeon.
You visited 1 branch of the dungeon, and saw 3 of its levels.

You collected 73 gold pieces.


Innate Abilities, Weirdness & Mutations

You are very small and have problems with some larger weapons.
You are too small for most types of armour.
You have supernaturally acute eyesight. (SInv)
You cover ground extremely quickly. (Speed+++)


   Skills:
 - Level 2.0 Fighting
 + Level 5.8 Ranged Weapons
 - Level 5.0 Dodging
 - Level 1.5 Stealth


You had 4 spell levels left.
You didn't know any spells.
Your spell library was empty.

Inventory:

Hand Weapons
 a - a +0 shortbow (weapon)
Armour
 c - a +0 robe (worn)
Jewellery
 i - a ring of poison resistance (left hand)
Potions
 b - a potion of berserk rage {unknown}
 e - 2 potions of curing
 g - a potion of resistance {unknown}
 h - a potion of enlightenment {unknown}
 j - a potion of mutation {unknown}

Dungeon Overview and Level Annotations

Branches:
Dungeon (3/15)

Altars:
Trog

Shops:
D:1 (*


Message History

Pain shoots through your body!
The orc priest invokes the aid of Beogh against you.
Beogh smites you!
1456 ||| DRINKING 2 potions of heal wounds.
You feel much better.
The orc priest begins to cast a cantrip, but forgets the words!
You shoot an arrow. The arrow hits the orc priest.
The orc priest is lightly wounded.
You shoot an arrow.
The arrow hits the orc priest but does no damage.
The orc priest is lightly wounded.
You shoot an arrow.
The arrow hits the orc but does no damage.
An orc opens the door.
You shoot an arrow. The arrow hits the orc.
The orc is heavily wounded.
You shoot an arrow.
The arrow hits the orc but does no damage.
The orc is heavily wounded.
The orc hits you with a +0 hand axe!
You shoot an arrow. The arrow hits the orc!
You kill the orc!
The orc priest mumbles some strange prayers to Beogh against you.
Beogh smites you!
Ouch! That really hurt!
1463 ||| DRINKING potion of heal wounds.
You feel much better. The orc priest closely misses you.
You shoot an arrow.
The arrow hits the orc priest but does no damage.
The orc priest is lightly wounded.
The orc priest hits you with a +0 flail of protection!
You shoot an arrow.
The arrow hits the orc priest but does no damage.
The orc priest is lightly wounded.
The orc priest hits you with a +0 flail of protection!
You shoot an arrow.
The arrow hits the orc priest but does no damage.
The orc priest hits you with a +0 flail of protection. x2
You die...

#### ......+ ..#
)....# #.## #)...#
##.#. )...# ##....
...# # #...##
)$#####.# #.#[#
#o#)....# ##.#.#
###@).....####..#.#
#.................#
#.###.###..##).####
#.# .# #...#.##
#.###+###.#...#
#...+_###...>##
##.###+###...##
#..# #.# #..##
#..###.###..#


You could see an orc priest.

Vanquished Creatures
  A scorpion (D:3)
  7 adders (D:2)
  A dart slug (D:1)
  2 ribbon worms (D:2)
  5 orcs (D:3)
  3 bats
  6 endoplasms
  3 giant cockroaches
  5 goblins
  3 hobgoblins
  9 kobolds
  13 ball pythons
  3 frilled lizards
  4 rats
65 creatures vanquished.

Notes
Turn   | Place    | Note
-------+----------+-------------------------------------------
     0 | D:1      | qw the Spriggan Hunter began the quest for the Orb.
     0 | D:1      | Reached XP level 1. HP: 10/10 MP: 2/2
     0 | D:1      | 0 ||| qw: Version: 0.3-a-155-g5e7d8dd
     0 | D:1      | 0 ||| qw: Game counter: 820
     0 | D:1      | 0 ||| qw: Melee chars always use a shield: true
     0 | D:1      | 0 ||| qw: God list: Okawaru
     0 | D:1      | 0 ||| qw: Allow faded altars: false
     0 | D:1      | 0 ||| qw: Do Orc after clearing Dungeon:15 true
     0 | D:1      | 0 ||| qw: Do second Lair branch before Depths: true
     0 | D:1      | 0 ||| qw: Lair rune preference: random
     0 | D:1      | 0 ||| qw: Goals: Normal
     0 | D:1      | 0 ||| PLANNING D:1-11
    16 | D:1      | Reached skill level 3 in Dodging
    17 | D:1      | Found a faded altar of an unknown god.
   140 | D:1      | Reached XP level 2. HP: 14/14 MP: 3/3
   142 | D:1      | Found Odorph's General Store.
   151 | D:1      | 151 ||| SHOPLISTING amulet of faith (480 gold, have 3).
   151 | D:1      | 151 ||| SHOPLISTING ring of protection from fire (300 gold,
                  | have 3).
   151 | D:1      | 151 ||| SHOPLISTING scroll of identify (24 gold, have 3).
   232 | D:1      | Noticed a +0 rapier
   241 | D:1      | Found Lenwes's Weapon Shop.
   243 | D:1      | Noticed a +0 quick blade
   655 | D:1      | 655 ||| READING scroll labelled DAPLUCLYALE.
   656 | D:1      | 656 ||| READING scroll labelled CUN QEILEI.
   656 | D:1      | 656 ||| IDENTIFYING murky clear potion
   657 | D:1      | 657 ||| READING scroll labelled KICSUW PISAREK.
   657 | D:1      | 657 ||| ENCHANTING +0 shortbow.
   658 | D:1      | 658 ||| DROPPING scroll of butterflies.
   659 | D:1      | 659 ||| DROPPING potion of attraction.
   740 | D:2      | Reached XP level 3. HP: 18/18 MP: 4/4
   994 | D:2      | Reached XP level 4. HP: 20/22 MP: 5/5
  1264 | D:2      | 1264 ||| UPGRADING to ring of poison resistance.
  1265 | D:2      | 1265 ||| READING scroll labelled FOTAAB NIUHEA.
  1266 | D:2      | 1266 ||| DRINKING 2 bubbling silvery potions.
  1267 | D:2      | 1267 ||| DRINKING 3 inky potions.
  1268 | D:2      | 1268 ||| DRINKING 3 silvery potions.
  1269 | D:2      | 1269 ||| DROPPING potion of brilliance.
  1369 | D:3      | Noticed a scorpion
  1375 | D:3      | Killed a scorpion
  1376 | D:3      | Reached XP level 5. HP: 26/26 MP: 6/6
  1413 | D:3      | Found a bloodstained altar of Trog.
  1455 | D:3      | HP: 2/26 [orc priest/divine providence (9)]
  1456 | D:3      | 1456 ||| DRINKING 2 potions of heal wounds.
  1462 | D:3      | HP: 6/26 [orc priest/divine providence (13)]
  1463 | D:3      | 1463 ||| DRINKING potion of heal wounds.
  1466 | D:3      | Slain by an orc priest

Levels and vault maps discovered:
D:1:      wander_arrival_chamber, layout_basic,
          chequers_ecumenical_altar_simple, serial_shops,
          nicolae_shop_mannequins, shop
D:2:      layout_rooms, minmay_snake_closets
D:3:      layout_basic, lemuel_doored_altar, serial_park_tiny_pond,
          minmay_joined_circles

Skill      XL: |  1  2  3  4 |
---------------+-------------+-----
Dodging        | 3 4 5 |  5.0
Ranged Weapons | 5 |  5.8
Fighting       | 2 |  2.0
Stealth        | |  1.5

Action                     |  1- 3 |  4- 6 || total
---------------------------+-------+-------++-------
   Fire: Shortbow          |    87 |    78 ||   165
    Use: Scroll            |     3 |     1 ||     4
         Potion            |       |     5 ||     5
 Armour: Robe              |    12 |    11 ||    23
  Dodge: Dodged            |    37 |    30 ||    67

Table legend:
 A = Non-vault XP
 B = Vault XP
 C = Vault XP percentage of total XP
 D = Non-vault monster count
 E = Vault monster count
 F = Vault count percentage of total count
                 A         B        C        D         E       F
            +---------+---------+-------+---------+---------+-------
      Total |     206 |      81 |  28.2 |      52 |      13 |  20.0
            +---------+---------+-------+---------+---------+-------
        D:1 |      35 |       0 |   0.0 |      21 |       0 |   0.0
        D:2 |      52 |      81 |  60.9 |      15 |      13 |  46.4
        D:3 |     119 |       0 |   0.0 |      16 |       0 |   0.0
            +---------+---------+-------+---------+---------+-------
